 Dungeon Crawl Stone Soup version 0.26.1-11-gd32895ea62 (webtiles) character file.

Game seed: 13723043955072822843

55 Arcadio the Grave Robber (level 3, 0/26 HPs)
             Began as a Hill Orc Necromancer on May 21, 2021.
             Slain by a hobgoblin
             ... wielding a +0 club
              (4 damage)
             ... on level 3 of the Dungeon.
             The game lasted 00:03:19 (2722 turns).

Arcadio the Grave Robber (Hill Orc Necromancer)     Turns: 2722, Time: 00:03:20

Health: 0/26       AC:  2    Str: 10    XL:     3   Next: 93%
Magic:  5/5        EV: 12    Int: 16    God:
Gold:   26         SH:  0    Dex: 11    Spells: 3/5 levels left

rFire    . . .     SeeInvis .   d - +2 dagger (flame)
rCold    . . .     Faith    .   (no shield)
rNeg     . . .     Spirit   .   a - +0 robe
rPois    .         Reflect  .   (no helmet)
rElec    .         Harm     .   (no cloak)
rCorr    .         Rampage  .   (no gloves)
Will     .....                  (no boots)
Stlth    ++........             (no amulet)
HPRegen  0.08/turn              (no ring)
MPRegen  0.09/turn              (no ring)

@: no status effects
A: no striking features
a: Convert to Beogh


You were on level 3 of the Dungeon.
You visited 1 branch of the dungeon, and saw 4 of its levels.

You collected 26 gold pieces.

Inventory:

Hand Weapons
 d - a +2 dagger of flaming (weapon)
Armour
 a - a +0 robe (worn)
Scrolls
 b - 2 scrolls of remove curse {unknown}
 c - 2 scrolls of magic mapping {unknown}
 e - a scroll of random uselessness {unknown}
 g - a scroll of noise {unknown}
 i - 3 scrolls of identify {unknown}
 k - a scroll of fear {unknown}
Potions
 f - a potion of mutation {unknown}
 h - a potion of lignification {unknown}
 j - a potion of attraction {unknown}


   Skills:
 + Level 2.6 Dodging
 - Level 1.5 Stealth
 - Level 1.5 Spellcasting
 + Level 4.7 Necromancy


You had 3 spell levels left.
You knew the following spells:

 Your Spells              Type           Power        Failure   Level
a - Pain                  Necr           64%          3%          1
b - Animate Skeleton      Necr           32%          3%          1

Your spell library contained the following spells:

 Spells                   Type           Power        Failure   Level
 Vampiric Draining        Necr           8%           10%         3
 Animate Dead             Necr           8%           30%         4
 Agony                    Necr           16%          65%         5


Dungeon Overview and Level Annotations

Branches:
Dungeon (4/15)
 Temple: D:4-7

Altars:


Message History

You hit the jackal but do no damage.
The jackal is severely wounded.
The jackal bites you. The frilled lizard misses you.
The jackal bites you but does no damage.
The jackal bites you.
A kobold comes into view. It is wielding a +0 dagger.
You closely miss the jackal.
The jackal is severely wounded.
The jackal closely misses you.
The orc priest begins to cast a cantrip, but forgets the words!
The hobgoblin hits you with a +0 club.
* * * LOW HITPOINT WARNING * * *
The frilled lizard bites you but does no damage.
The jackal bites you.
* * * LOW HITPOINT WARNING * * *
The jackal barely misses you.
You hit the jackal. You burn the jackal.
You kill the jackal!
The orc priest closely misses you. The hobgoblin hits you with a +0 club.
You die...

#. #. ####.####
.........
#.......#
......o.#
.....oho#######
.....gg@†......
.K....l.#######
........#
........#
#########


You could see 2 orc priests, an orc, a jackal, a hobgoblin, a goblin, a kobold
and a frilled lizard.

Vanquished Creatures
  2 adders (D:2)
  A worm (D:2)
  A giant cockroach (D:1)
  6 goblins
  4 hobgoblins (D:1)
  5 jackals
  4 kobolds
  3 bats
  4 frilled lizards
  2 rats (D:2)
32 creatures vanquished.

Vanquished Creatures (others)
  11 withered plants (D:2)
11 creatures vanquished.

Grand Total: 43 creatures vanquished

Notes
Turn   | Place    | Note
-------+----------+-------------------------------------------
     0 | D:1      | Arcadio the Hill Orc Necromancer began the quest for the
                  | Orb.
     0 | D:1      | Reached XP level 1. HP: 14/14 MP: 3/3
     2 | D:1      | Learned a level 1 spell: Animate Skeleton
   903 | D:1      | Reached XP level 2. HP: 17/20 MP: 0/4
  2112 | D:2      | Reached XP level 3. HP: 21/26 MP: 0/5
  2621 | D:2      | You fall into a shaft and drop 2 floors!
  2624 | D:4      | Noticed a phantom
  2722 | D:3      | Slain by a hobgoblin

Illustrated notes

Levels and vault maps discovered:
D:1:      dpeg_arrival_rooms_with_view, layout_loops_corners, minmay_hexomino_p4
D:2:      layout_loops_corners, lightli_temple_of_fire, marbit_many_paths,
          kiku_gazebo_garden_becter, minivault_11
D:3:      layout_rooms, minitemple, gammafunk_temple_overflow_pools
D:4:      layout_basic

Skill      XL: |  1  2 |
---------------+-------+-----
Dodging        | 2 |  2.6
Stealth        | |  1.5
Spellcasting   | |  1.5
Necromancy     | |  4.7

Action                   || total
-------------------------++-------
Melee: Dagger            ||    62
 Cast: Pain              ||    31
       Animate Skeleton  ||     1
 Stab: Sleeping          ||     6
Armor: Robe              ||    19
Dodge: Dodged            ||    62
